[Event "Late-Titled-Tuesday-Blitz-October-03-2023"]
[Site "Chess.com"]
[Date "2023.10.03"]
[Round "9"]
[White "jcibarra"]
[Black "Korchmar_Vasiliy"]
[Result "1-0"]
[WhiteElo "2951"]
[BlackElo "2722"]
[TimeControl "180+1"]
[EndTime "15:40:06 PDT"]
[Termination "jcibarra won on time"]

1. e4 c5 2. Nf3 d6 3. d4 cxd4 4.
Nxd4 Nf6 5. Nc3 Nc6 6. Nd5 Nxd5 7.
exd5 Qa5+ 8. Bd2 Qxd5 9. Nb5 Qe6+ 10. Be2 Qd7 11. c4 e6 12. Bf4 e5 13. Be3 b6 14.
Qd2 Bb7 15. Rd1 Rd8 16. O-O Be7 17. f4 e4 18. f5 O-O 19. Bf4 Rfe8 20. Nxd6 Bxd6 21.
Bxd6 Qc8 22. Qf4 f6 23. Bh5 e3 24. Rfe1 Re5 25. Bxe5 Rxd1 26. Rxd1 Nxe5 27. Qxe3 g6 28. fxg6 hxg6 29. Be2 Qc6 30. Bf3 Nxf3+ 31. Qxf3 Qc5+ 32. Qf2 Qxc4 33. Rd8+ Kf7 34. Rd7+ Ke6 35. Rxb7 1-0

[Event "Late-Titled-Tuesday-Blitz-October-03-2023"]
[Site "Chess.com"]
[Date "2023.10.03"]
[Round "9"]
[White "sergoy"]
[Black "FabianoCaruana"]
[Result "0-1"]
[WhiteElo "3013"]
[BlackElo "3089"]
[TimeControl "180+1"]
[EndTime "15:40:11 PDT"]
[Termination "FabianoCaruana won by checkmate"]

1. d4 Nf6 2. c4 e6 3. Nf3 c5 4. d5 b5 5. Bg5 exd5 6. cxd5 h6 7.
Bxf6 Qxf6 8. Nc3 b4 9. Na4 d6 10. e4 Nd7 11. Bb5 Be7 12. O-O O-O 13. a3 Rb8 14.
Be2 Ne5 15. axb4 Rxb4 16. Nc3 Rxb2 17. Rxa7 Ng6 18. Qc1 Rb4 19. g3 Bg4 20. Nd2 Bh3 21.
Re1 Rfb8 22. Nc4 Nh4 23. Qe3 Ng2 24. e5 dxe5 25. Qd2 Nxe1 26. Qxe1 Bd8 27. d6 Rxc4 28. Bxc4 Qf3 29. Bd5 Qxc3 30. Bxf7+ Kh8 31. Qd1 Qf3 32. Bh5 Qg2# 0-1

[Event "Late-Titled-Tuesday-Blitz-October-03-2023"]
[Site "Chess.com"]
[Date "2023.10.03"]
[Round "9"]
[White "Pomberito2"]
[Black "Sanyura"]
[Result "1-0"]
[WhiteElo "2493"]
[BlackElo "2641"]
[TimeControl "180+1"]
[EndTime "15:40:14 PDT"]
[Termination "Pomberito2 won by checkmate"]

1. d4 Nf6 2. Nf3 g6 3. Bg5 Bg7 4. e3 O-O 5. Nbd2 d6 6. c3 c5 7.
Bd3 Nc6 8. Qe2 Bg4 9. h3 Bxf3 10.
Nxf3 e5 11. dxe5 dxe5 12. e4 Qc7 13. Bxf6 Bxf6 14. Bc4 h6 15. O-O Kh7 16. Rfd1 Rad8 17. Nh2 Bg7 18. Nf1 f5 19. exf5 gxf5 20. Ne3 Ne7 21.
Qc2 e4 22. Rxd8 Qxd8 23. Rd1 Qc7 24. Qa4 a6 25. Rd7 Qe5 26. Rxb7 Rd8 27. Rd7 Rb8 28. b3 h5 29. Qxa6 f4 30. Nd5 Ng6 31. Qf6 Re8 32.
Rxg7+ Kh6 33. Qxg6# 1-0

[Event "Late-Titled-Tuesday-Blitz-October-03-2023"]
[Site "Chess.com"]
[Date "2023.10.03"]
[Round "9"]
[White "mfwagnerpeixoto"]
[Black "Langua_Chess"]
[Result "0-1"]
[WhiteElo "2328"]
[BlackElo "2474"]
[TimeControl "180+1"]
[EndTime "15:40:14 PDT"]
[Termination "Langua_Chess won by resignation"]

1. Nf3 d5 2. g3 Bg4 3. Bg2 Nd7 4. O-O e5 5. d3 Ngf6 6. Nbd2 Bc5 7. c3 e4 8. dxe4 dxe4 9. Nd4 e3 10. fxe3 c6 11.
Qb3 Rb8 12. Ne4 O-O 13. Nf5 Nxe4 14. Bxe4 Bxe2 15. Rf2 Nf6 16. Bf3 Bxf3 17. Rxf3 Qd3 18. Nd4 Rbd8 19. Qxb7 Ne4 20. Qxc6 Bxd4 21. cxd4 Rc8 22.
Qb7 Rc2 23. Rf2 Rxf2 0-1

[Event "Late-Titled-Tuesday-Blitz-October-03-2023"]
[Site "Chess.com"]
[Date "2023.10.03"]
[Round "9"]
[White "ViIIagra"]
[Black "rookoco"]
[Result "0-1"]
[WhiteElo "2920"]
[BlackElo "2782"]
[TimeControl "180+1"]
[EndTime "15:40:15 PDT"]
[Termination "rookoco won by resignation"]

1. g3 e5 2. Bg2 Nf6 3. d3 d5 4. Nf3 Nc6 5. O-O Be7 6. Nc3 O-O 7. a3 d4 8. Na2 a5 9. c4 Nd7 10. Rb1 Nc5 11. b4 axb4 12. Nxb4 f6 13. Nd2 Bd7 14.
Nd5 Bd6 15. Ne4 Nxe4 16. Bxe4 f5 17. Bg2 Qc8 18. f4 Re8 19. fxe5 Nxe5 20. Rxb7 c6 21. Rb6 Bc5 22. Bf4 Kh8 23. Rb2 cxd5 24. cxd5 Rxa3 25. Qc1 Rc3 26. Qa1 h6 27. Rfb1 Ra3 28. Ra2 Rxa2 29. Qxa2 Ng6 30. Rb8 Qxb8 31. Bxb8 Rxb8 32. Qa5 Rb1+ 33.
Kf2 Bb4 34. Qd8+ Nf8 35. Bh3 Kh7 36. Kg2 Rb2 37. Kf3 Ng6 38. Qb6 Ne5+ 39. Kf4 Bd2+ 0-1

[Event "Late-Titled-Tuesday-Blitz-October-03-2023"]
[Site "Chess.com"]
[Date "2023.10.03"]
[Round "9"]
[White "Maestro1986"]
[Black "ameetghasi100"]
[Result "0-1"]
[WhiteElo "2559"]
[BlackElo "2724"]
[TimeControl "180+1"]
[EndTime "15:40:19 PDT"]
[Termination "ameetghasi100 won by resignation"]

1. Nf3 g6 2. g3 Bg7 3. Bg2 d6 4. O-O Nf6 5. d4 O-O 6. h3 c6 7. c4 Qb6 8. Nc3 Be6 9. b3 d5 10.
c5 Qa6 11. Bf4 h6 12. a4 Nbd7 13. Nd2 Rfd8 14. b4 b6 15. Re1 bxc5 16. bxc5 Nh5 17. e3 Nxf4 18. gxf4 Nxc5 19. Bf1 Qa5 20. Rc1 Nd7 21. Kh2 Rab8 22. Bd3 c5 23. f5 gxf5 24. Rg1 cxd4 25. exd4 Nf6 26. Nb5 Rbc8 27. Rxc8 Rxc8 28.
Nf3 a6 29. Na3 Qc7+ 30. Kh1 Qf4 31. Nc2 Ne4 32. Qe2 Kh8 33. Ne3 Nc3 34. Nxd5 Bxd5 0-1

[Event "Late-Titled-Tuesday-Blitz-October-03-2023"]
[Site "Chess.com"]
[Date "2023.10.03"]
[Round "9"]
[White "CarlosjPineror"]
[Black "babero_gordo"]
[Result "1-0"]
[WhiteElo "2519"]
[BlackElo "1982"]
[TimeControl "180+1"]
[EndTime "15:40:21 PDT"]
[Termination "CarlosjPineror won by resignation"]

1. e4 c5 2. Nf3 e6 3. d4 cxd4 4. Nxd4 Nc6 5. Nb5 d6 6. c4 a6 7. N5c3 Nf6 8. Be2 Qc7 9. O-O Be7 10. Be3 O-O 11. Nd2 Rd8 12. Rc1 Qb8 13. Bb6 Rd7 14. Qb3 Bd8 15. Rfd1 Bxb6 16. Qxb6 Qc7 17. Na4 Qd8 18.
Qxd8+ Rxd8 19. Nb6 Rb8 20. f3 Nd4 21. Kf2 e5 22.
Nb3 Nxb3 23. axb3 Be6 24. Rd2 Ne8 25. Rcd1 f5 26. exf5 Bxf5 27. b4 Kf7 28. b3 Ke7 29. h4 Nf6 30. g4 Be6 31. g5 Nh5 32. Ke3 Nf4 33. Bf1 Bh3 34. Bxh3 Nxh3 35. Nd5+ Ke6 36. Rh1 Nf4 37. Nxf4+ exf4+ 38. Kxf4 Rf8+ 39. Kg4 Rbe8 40. Re1+ Kd7 41. Rde2 Rxe2 42. Rxe2 g6 43. f4 Rf5 44.
h5 a5 45. b5 Kc7 46. hxg6 hxg6 47. Re6 Rf7 48. Rxg6 Re7 49. Rf6 Re3 50. g6 Rxb3 51.
g7 Rb1 52. Rg6 1-0

[Event "Late-Titled-Tuesday-Blitz-October-03-2023"]
[Site "Chess.com"]
[Date "2023.10.03"]
[Round "9"]
[White "Iball95"]
[Black "Veiso"]
[Result "1-0"]
[WhiteElo "2775"]
[BlackElo "2489"]
[TimeControl "180+1"]
[EndTime "15:40:24 PDT"]
[Termination "Iball95 won by resignation"]

1. e4 c5 2. Nf3 d6 3. Nc3 Nf6 4.
d4 cxd4 5. Qxd4 a6 6. e5 dxe5 7. Qxd8+ Kxd8 8. Nxe5 Ke8 9. Bf4 Nbd7 10. O-O-O Nh5 11.
Nxd7 Nxf4 12. Nb6 Rb8 13. g3 Ne6 14. Bh3 g6 15. Rhe1 Bh6+ 16. Kb1 Kf8 17. Nxc8 Rxc8 18. Bxe6 fxe6 19. Rxe6 Kf7 20. Re2 Rhd8 21. f4 Bg7 22. Rde1 Rd7 23. Ne4 Rcd8 24. c3 Bf6 25. Kc2 b6 26.
Rd2 Rxd2+ 27. Nxd2 Rd5 28. Re2 b5 29. Ne4 a5 30.
Kb3 Rd3 31. a4 b4 32. Kc4 Rd7 33. cxb4 Rd4+ 34. Kb5 axb4 35. Nxf6 exf6 36. a5 b3 37. a6 Rd5+ 38. Kc6 Ra5 39. Kb6 Rd5 40. a7 Rd8 41. Kc7 1-0

[Event "Late-Titled-Tuesday-Blitz-October-03-2023"]
[Site "Chess.com"]
[Date "2023.10.03"]
[Round "9"]
[White "Jospem"]
[Black "ChristopherYoo"]
[Result "1/2-1/2"]
[WhiteElo "3056"]
[BlackElo "3007"]
[TimeControl "180+1"]
[EndTime "15:40:25 PDT"]
[Termination "Game drawn by repetition"]

1. e4 c5 2. Nf3 e6 3. c3 d5 4. e5 d4 5. g3 Bd7 6. Bg2 Bc6 7. O-O Nd7 8. cxd4 cxd4 9. d3 Ne7 10. Nbd2 Ng6 11.
Re1 Bb4 12. a3 Bxd2 13. Bxd2 O-O 14. Rc1 Qb6 15. b4 Rac8 16. Qe2 Bd5 17. a4 Qa6 18. a5 b6 19. axb6 axb6 20. b5 Qxb5 21. Nxd4 Qb2 22. Bxd5 Qxd4 23. Be4 Ndxe5 24. Be3 Qd6 25.
Rb1 Nd7 26. Red1 Ne7 27. Bf4 e5 28. Be3 Nd5 29. Bd2 Nc3 30. Bxc3 Rxc3 31. Bf5 Nf6 32. Qb2 Rc6 33. Re1 g6 34. Bh3 Qxd3 35. Rbd1 Qc3 36. Qxc3 Rxc3 37. Rxe5 Kg7 38. Rb5 Rc6 39. Bg2 Re6 40.
Bh3 Rc6 41. Bg2 Re6 42. Bh3 Rc6 1/2-1/2

[Event "Late-Titled-Tuesday-Blitz-October-03-2023"]
[Site "Chess.com"]
[Date "2023.10.03"]
[Round "9"]
[White "JohnWhite1952"]
[Black "MBA_CHESS_2021"]
[Result "0-1"]
[WhiteElo "2061"]
[BlackElo "2243"]
[TimeControl "180+1"]
[EndTime "15:40:27 PDT"]
[Termination "MBA_CHESS_2021 won on time"]

1. e4 g6 2. d4 Bg7 3. Nf3 c5 4.
Bc4 cxd4 5. Nxd4 Nc6 6. Be3 d6 7. Nc3 Nf6 8. f3 O-O 9. O-O Bd7 10. Qd2 Rc8 11. Rfd1 Nxd4 12. Qxd4 Ng4 13. Qd3 Nxe3 14.
Qxe3 Rxc4 15. Nd5 Bxb2 16. Rab1 Bg7 17. Rxb7 Rxc2 18. Qxa7 Be6 19. Nxe7+ Kh8 20. Rdb1 Rxa2 21. Qe3 Qa8 22. Nc6 Ra1 23. Qd3 Qxb7 24. Rxa1 Bxa1 25. Qxd6 Rc8 26. Ne7 Qa7+ 0-1

[Event "Late-Titled-Tuesday-Blitz-October-03-2023"]
[Site "Chess.com"]
[Date "2023.10.03"]
[Round "9"]
[White "KNVB"]
[Black "The_Straightforward_Rook"]
[Result "1-0"]
[WhiteElo "2691"]
[BlackElo "2554"]
[TimeControl "180+1"]
[EndTime "15:40:30 PDT"]
[Termination "KNVB won on time"]

1. d4 Nf6 2. Nc3 d5 3. Bf4 e6 4. Nb5 Na6 5. e3 Be7 6. Nf3 O-O 7. Bd3 c5 8. a4 Bd7 9. c3 Be8 10. h3 Ne4 11. O-O f5 12. Ne5 c4 13. Bxe4 fxe4 14.
Qg4 Rf5 15. f3 Bh5 16. Qg3 exf3 17. Nxf3 Qf8 18. Qh2 Bxf3 19. Rxf3 h6 20. Raf1 Kh7 21. Be5 Qf7 22. Qg3 g6 23. Rxf5 gxf5 24. Qf3 Rg8 25. e4 dxe4 26. Qxe4 Qg6 27. Qxb7 Qf7 28. Qxa6 Qg6 29. Qb7 1-0

[Event "Late-Titled-Tuesday-Blitz-October-03-2023"]
[Site "Chess.com"]
[Date "2023.10.03"]
[Round "9"]
[White "UK_23"]
[Black "ChadBiryani"]
[Result "0-1"]
[WhiteElo "2392"]
[BlackElo "2498"]
[TimeControl "180+1"]
[EndTime "15:40:30 PDT"]
[Termination "ChadBiryani won by resignation"]

1. e4 d5 2. exd5 Qxd5 3. Nc3 Qd6 4. d4 Nf6 5. Nf3 c6 6. g3 Bg4 7. h3 Bh5 8. Bg2 e6 9. O-O Be7 10. Bf4 Qd8 11. g4 Bg6 12. Ne5 Nbd7 13. Nxg6 hxg6 14. Qe2 O-O 15. Rad1 Nb6 16. Ne4 Nxe4 17. Qxe4 Bd6 18. Bc1 Qh4 19. b3 Nd5 20. Qf3 g5 21. c4 Nf4 22.
Bxf4 Bxf4 23. d5 cxd5 24. cxd5 exd5 25. Qxd5 Rab8 26. Rd3 Qh6 27. Rfd1 Qf6 28. a4 Rfe8 29. Qf3 Re6 30. Rd7 Rbe8 31. Qxb7 Re1+ 32. Rxe1 Rxe1+ 33.
Bf1 Qa1 34. Qg2 a5 35. Rd3 Qe5 36. Qa8+ Kh7 37. Qd5 Qe2 38. Qf5+ Kh6 0-1

[Event "Late-Titled-Tuesday-Blitz-October-03-2023"]
[Site "Chess.com"]
[Date "2023.10.03"]
[Round "9"]
[White "tdf98pantani"]
[Black "Krakozia"]
[Result "0-1"]
[WhiteElo "2697"]
[BlackElo "2978"]
[TimeControl "180+1"]
[EndTime "15:40:33 PDT"]
[Termination "Krakozia won by checkmate"]

1. e4 c5 2. Nf3 e6 3. d4 cxd4 4. Nxd4 a6 5. Bd3 Nf6 6. O-O Qc7 7. c4 Nc6 8. Be3 Ne5 9. h3 Bc5 10. Nc3 d6 11. Rc1 O-O 12. Kh1 Ng6 13. Na4 b6 14. a3 Bb7 15. f3 e5 16. Nf5 Bxe3 17. Nxe3 Nf4 18. Bb1 g6 19. Rf2 N6h5 20. Rd2 Rad8 21.
Kh2 Qe7 22. Qe1 b5 23. cxb5 axb5 24. Nc3 Ne6 25. Nxb5 Rd7 26. Ba2 Nhf4 27. g3 Ng5 28.
Qf1 Ngxh3 29. Bd5 Ba6 30. a4 Qg5 31. Rcd1 Qh6 32. Ng4 Qg5 33. gxf4 Nxf4 34. Qf2 Kh8 35. Rg1 Qh5+ 36. Kg3 Qh3# 0-1

[Event "Late-Titled-Tuesday-Blitz-October-03-2023"]
[Site "Chess.com"]
[Date "2023.10.03"]
[Round "9"]
[White "TanitoluwaAps116"]
[Black "TheoSlade"]
[Result "1-0"]
[WhiteElo "2665"]
[BlackElo "2509"]
[TimeControl "180+1"]
[EndTime "15:40:34 PDT"]
[Termination "TanitoluwaAps116 won by checkmate"]

1. e4 e5 2. Nf3 Nc6 3. Nc3 Nf6 4.
Bb5 Nd4 5. Nxd4 exd4 6. e5 dxc3 7. exf6 Qxf6 8. dxc3 Bc5 9. O-O O-O 10. Bd3 d6 11. Qh5 g6 12. Qh6 Re8 13. Bg5 Qg7 14. Qh4 Be6 15. Bf6 Qf8 16. Rae1 d5 17. Re5 c6 18.
Rfe1 h6 19. h3 Bd7 20. Qg3 Kh7 21. h4 Rxe5 22. Rxe5 Re8 23. h5 Qg8 24. hxg6+ fxg6 25. Rg5 Bf5 26. Bxf5 Re1+ 27. Kh2 Bd6 28. Qxd6 hxg5 29. Qc7+ Kh6 30. Bd3 g4 31. Qf4+ Kh7 32. Qg5 Qe6 33. Qxg6# 1-0

[Event "Late-Titled-Tuesday-Blitz-October-03-2023"]
[Site "Chess.com"]
[Date "2023.10.03"]
[Round "9"]
[White "szachmistrz2500"]
[Black "angryspacevoid"]
[Result "1-0"]
[WhiteElo "2450"]
[BlackElo "2532"]
[TimeControl "180+1"]
[EndTime "15:40:34 PDT"]
[Termination "szachmistrz2500 won by resignation"]

1. Nf3 c5 2. g3 Nc6 3. Bg2 e5 4. e4 f5 5. d3 Nf6 6. O-O d6 7.
Re1 Be7 8. c3 O-O 9. Qb3+ Kh8 10. Ng5 Qe8 11. a4 Bd8 12. Na3 h6 13. Nf3 fxe4 14.
dxe4 Rb8 15. Nh4 Be6 16. Qc2 Qh5 17. Nf5 d5 18. h3 Nxe4 19. g4 Qg6 20. Bxe4 dxe4 21.
Ng3 Bh4 22. Qxe4 Qf7 23. Qe2 e4 24. Be3 Ne5 25. Bxc5 Bd5 26. Be3 Nf3+ 27. Kg2 Nxe1+ 28. Rxe1 Bxg3 29. Kxg3 Qc7+ 30. Kg2 Rf3 31. Nb5 Qf7 32. Nd4 Rf8 33. Qb5 Rxf2+ 34. Kg1 Bc4 35. Qe5 Rf1+ 36. Rxf1 Qxf1+ 37. Kh2 Qd3 38. Qg3 Bb3 39. Nf5 g6 40. Qe5+ 1-0

[Event "Late-Titled-Tuesday-Blitz-October-03-2023"]
[Site "Chess.com"]
[Date "2023.10.03"]
[Round "9"]
[White "Rodalquilar"]
[Black "zajka-molotok"]
[Result "1-0"]
[WhiteElo "2740"]
[BlackElo "2567"]
[TimeControl "180+1"]
[EndTime "15:40:37 PDT"]
[Termination "Rodalquilar won by resignation"]

1. d4 d5 2. Nf3 Nf6 3. Bf4 c5 4.
e3 Nc6 5. Nbd2 cxd4 6. exd4 Bg4 7. c3 e6 8. Qb3 Bd6 9. Qxb7 Bxf4 10. Qxc6+ Kf8 11.
Ne5 g6 12. Qb7 Bxe5 13. dxe5 Rb8 14. Qxa7 Nd7 15. h3 Bf5 16. g4 Bc2 17. Rc1 Be4 18. f3 Nxe5 19. fxe4 Kg7 20. b3 Rb6 21. Be2 Qh4+ 22.
Kd1 Rhb8 23. exd5 exd5 24. Qc7 Qg3 25. Rf1 Qe3 26. b4 R8b7 27. Qc5 Qxh3 28. Qd4 f6 29. g5 Re6 30. Rxf6 Rbe7 31. Rxe6 Rxe6 32. Nf3 Kg8 33. Nxe5 Qh1+ 34. Kd2 Qg2 35. Rf1 Qxg5+ 36. Qf4 Qxf4+ 37.
Rxf4 Rxe5 38. b5 1-0

[Event "Late-Titled-Tuesday-Blitz-October-03-2023"]
[Site "Chess.com"]
[Date "2023.10.03"]
[Round "9"]
[White "Elbebiber"]
[Black "Nekoo04"]
[Result "0-1"]
[WhiteElo "2145"]
[BlackElo "2274"]
[TimeControl "180+1"]
[EndTime "15:40:37 PDT"]
[Termination "Nekoo04 won on time"]

1. f4 e5 2. fxe5 d6 3. exd6 Bxd6 4. Nf3 g5 5. d4 g4 6. Ne5 Bxe5 7. dxe5 Qxd1+ 8. Kxd1 Nc6 9. Nc3 Bf5 10. Bg5 Nxe5 11. e4 Bg6 12. Nb5 f6 13. Nxc7+ Kd7 14.
Nxa8 fxg5 15. Bb5+ Kc8 16. Re1 Kb8 17. Ke2 Nf6 18. Rad1 Kxa8 19. Bd3 g3 20. Ke3 gxh2 21. Kd4 Nfg4 22. Kc5 Nf2 23. Rc1 Rc8+ 24. Kd6 Nexd3 25. cxd3 Rxc1 26. Rxc1 a6 27. e5 h1=Q 28. Rxh1 Nxh1 29. d4 Ng3 30. e6 Nf5+ 31. Kd7 Nxd4 32. e7 h5 33. Kd6 h4 34. Ke5 g4 35. Kf6 Be8 36.
Kg5 h3 37. gxh3 gxh3 0-1

[Event "Late-Titled-Tuesday-Blitz-October-03-2023"]
[Site "Chess.com"]
[Date "2023.10.03"]
[Round "9"]
[White "CraiggoryC"]
[Black "K_alena13"]
[Result "0-1"]
[WhiteElo "2264"]
[BlackElo "2154"]
[TimeControl "180+1"]
[EndTime "15:40:38 PDT"]
[Termination "K_alena13 won on time"]

1. e4 e5 2. Nf3 Nc6 3. Bc4 Nf6 4. d3 Be7 5. O-O O-O 6. Bb3 d6 7. c3 a6 8. Nbd2 b5 9. Re1 Nb8 10. Nf1 Nbd7 11. Ne3 g6 12. a4 Bb7 13. Nd5 Nxd5 14.
exd5 c6 15. d4 Bf6 16. dxc6 Bxc6 17. Bh6 Bg7 18. Bxg7 Kxg7 19. dxe5 Bxf3 20. Qxf3 Nxe5 21. Qd5 bxa4 22. Rxa4 Qb6 23. Rb4 Qd8 24. Rd4 Qf6 25. Qxd6 Qxd6 26. Rxd6 Rae8 27. Kf1 a5 28. Bd5 f6 29. f4 Ng4 30. Rd7+ Kh6 0-1

[Event "Late-Titled-Tuesday-Blitz-October-03-2023"]
[Site "Chess.com"]
[Date "2023.10.03"]
[Round "9"]
[White "Mesa_1"]
[Black "miraitrunks"]
[Result "1-0"]
[WhiteElo "2601"]
[BlackElo "2221"]
[TimeControl "180+1"]
[EndTime "15:40:40 PDT"]
[Termination "Mesa_1 won by resignation"]

1. Nf3 Nf6 2. c4 g6 3. Nc3 Bg7 4. e4 d6 5. d4 O-O 6. Be2 e5 7. d5 Na6 8. Be3 Nc5 9. Nd2 a5 10. a3 Ne8 11. b4 axb4 12. axb4 Rxa1 13. Qxa1 Nd7 14. c5 f5 15. c6 bxc6 16. dxc6 Nb6 17. Bxb6 cxb6 18. b5 fxe4 19. Qa2+ Kh8 20. Ndxe4 Nf6 21.
Nxf6 Qxf6 22. O-O Qg5 23. Kh1 Qh4 24. Kg1 Qg5 25. Ne4 Qf4 26. Qd5 Rf5 27. Nxd6 Rg5 28.
Nxc8 e4 29. Qd8+ Bf8 30. g3 e3 31. c7 Kg7 32. Nd6 Bxd6 33. Qxg5 exf2+ 34. Kg2 Qxg5 35. c8=Q Qd5+ 36. Bf3 1-0

[Event "Late-Titled-Tuesday-Blitz-October-03-2023"]
[Site "Chess.com"]
[Date "2023.10.03"]
[Round "9"]
[White "GM_dmitrij"]
[Black "Alexandr_Predke"]
[Result "1-0"]
[WhiteElo "3052"]
[BlackElo "2884"]
[TimeControl "180+1"]
[EndTime "15:40:43 PDT"]
[Termination "GM_dmitrij won on time"]

1. e4 c5 2. Nf3 e6 3. d4 cxd4 4. Nxd4 a6 5. c4 Nf6 6. Nc3 Qc7 7. Be2 Bb4 8. O-O Bxc3 9. bxc3 Nxe4 10. Bf3 Nc5 11. Nb3 d6 12. Bf4 e5 13. Be3 O-O 14. Nxc5 dxc5 15. Qd5 Nc6 16. Qxc5 Be6 17. Rab1 Rac8 18.
a4 Rfe8 19. Rfd1 Qe7 20. Qxe7 Rxe7 21. Bc5 Rec7 22. Bd6 Rd7 23. c5 f6 24. Rb6 Kf7 25.
Rdb1 Na5 26. h4 g6 27. Bxb7 Nxb7 28. Rxb7 h5 29. R1b6 Rc6 30. a5 Bf5 31. Rb8 Be4 32. f3 Bd5 33. c4 Rxb6 34. cxb6 Bc6 35. c5 Ke6 36. Kf2 Kd5 37. Rg8 f5 38. Rxg6 e4 39.
Rg5 Kd4 40. Rxf5 e3+ 41. Ke1 Kd3 42. Rf6 Bb5 43. Bf4 e2 44. c6 1-0

[Event "Late-Titled-Tuesday-Blitz-October-03-2023"]
[Site "Chess.com"]
[Date "2023.10.03"]
[Round "9"]
[White "emeli_chess"]
[Black "MathiasWomacka"]
[Result "0-1"]
[WhiteElo "2362"]
[BlackElo "2503"]
[TimeControl "180+1"]
[EndTime "15:40:44 PDT"]
[Termination "MathiasWomacka won by resignation"]

1. d4 Nf6 2. c4 e6 3. Nc3 Bb4 4. Qc2 c5 5. dxc5 O-O 6. a3 Bxc5 7. Nf3 b6 8. e3 Bb7 9. Be2 Be7 10. b3 d6 11. Bb2 Nbd7 12. g4 Nxg4 13. Rg1 Nge5 14.
Ne4 Bxe4 15. Qxe4 Bf6 16. O-O-O Nxf3 17. Qxf3 Bxb2+ 18. Kxb2 Ne5 19. Qg3 Qf6 20. Ka2 Rfd8 21. f4 Ng6 22. Rd3 Rac8 23. Rgd1 b5 24. Rxd6 Rxd6 25.
Rxd6 Qc3 26. Qf3 Qc2+ 27. Ka1 Qxb3 28. Rc6 Qxa3+ 29. Kb1 Qb3+ 30. Kc1 Rxc6 31. Qxc6 Qxe3+ 32. Kd1 bxc4 33. Qc8+ Nf8 34. Qxc4 Qg1+ 35. Kd2 Qxh2 36. Qc7 g5 37. Qxa7 Qxf4+ 38. Ke1 Kg7 39. Qa1+ Qf6 40.
Qa4 Ng6 41. Qb4 Nf4 42. Bg4 Nd3+ 0-1

[Event "Late-Titled-Tuesday-Blitz-October-03-2023"]
[Site "Chess.com"]
[Date "2023.10.03"]
[Round "9"]
[White "alfianasybullina"]
[Black "Horokoskii"]
[Result "1/2-1/2"]
[WhiteElo "2395"]
[BlackElo "2127"]
[TimeControl "180+1"]
[EndTime "15:40:44 PDT"]
[Termination "Game drawn - insufficient material"]

1. d4 Nf6 2. Nf3 g6 3. Bg5 Bg7 4. Nbd2 d5 5. e3 O-O 6. c4 c6 7. c5 Bg4 8. Bd3 h6 9. Bh4 Nbd7 10. h3 Bxf3 11. Nxf3 Qa5+ 12. Qd2 Qxd2+ 13. Kxd2 g5 14. Bg3 Nh5 15. Bh2 Rfe8 16. g4 Nhf6 17. Ne5 Nxe5 18.
Bxe5 Ne4+ 19. Bxe4 Bxe5 20. Bg2 Bg7 21. b4 e5 22. Kd3 exd4 23. exd4 Re7 24. Rhe1 Rae8 25. Rxe7 Rxe7 26. a4 Re6 27. b5 Rf6 28. Ra2 Rf4 29.
bxc6 bxc6 30. Re2 Bxd4 31. Re8+ Kg7 32. Rc8 Bxc5 33. Rxc6 Bxf2 34. Bxd5 Rd4+ 35. Ke2 Rxd5 36. Kxf2 Ra5 37. Rc4 Kg6 38. Kf3 f5 39. Rc6+ Kg7 40.
gxf5 Rxf5+ 41. Kg3 Rf4 42. Ra6 Rf7 43. h4 gxh4+ 44.
Kxh4 Rb7 45. Kh5 Rd7 46. a5 Rd5+ 47. Kh4 Rd4+ 48. Kh5 Rd5+ 49. Kh4 Rd7 50. Kh5 Rf7 51. Rg6+ Kf8 52. Kxh6 Ke7 53. Ra6 Rf6+ 54. Rxf6 Kxf6 55. a6 Ke6 56. Kg6 Kd6 57. Kf6 Kc6 58. Ke6 Kb5 59.
Kd5 Kxa6 60. Kc6 Ka5 61. Kc5 Ka4 62. Kc4 a5 63. Kc3 Ka3 64. Kc2 Ka2 65. Kc1 a4 66.
Kc2 a3 67. Kc1 Ka1 68. Kc2 Ka2 69. Kc1 Kb3 70. Kb1 a2+ 71. Ka1 Kc3 72. Kxa2 1/2-1/2

[Event "Late-Titled-Tuesday-Blitz-October-03-2023"]
[Site "Chess.com"]
[Date "2023.10.03"]
[Round "9"]
[White "Vaathi_Coming"]
[Black "nihalsarin"]
[Result "0-1"]
[WhiteElo "2887"]
[BlackElo "3064"]
[TimeControl "180+1"]
[EndTime "15:40:45 PDT"]
[Termination "nihalsarin won on time"]

1. Nf3 a6 2. d4 d5 3. Nc3 Nf6 4. Bg5 Bf5 5. e3 Nbd7 6. Bd3 Bxd3 7. Qxd3 e6 8. e4 dxe4 9. Nxe4 Be7 10. Nxf6+ Nxf6 11.
O-O O-O 12. Rad1 h6 13. Bh4 Qd5 14. c4 Qa5 15. a3 b5 16. Ne5 bxc4 17. Qxc4 Qb5 18.
Qxb5 axb5 19. Nc6 Bd6 20. Bxf6 gxf6 21. d5 e5 22. f4 exf4 23. Nd4 b4 24. axb4 Ra4 25.
Nf5 Rxb4 26. Nxh6+ Kh7 27. Nf5 Be5 28. Rd2 Rd8 29. g3 c6 30. d6 Rd7 31. gxf4 Bxf4 32. Rg2 Bxd6 33. Rd1 Bc5+ 0-1

[Event "Late-Titled-Tuesday-Blitz-October-03-2023"]
[Site "Chess.com"]
[Date "2023.10.03"]
[Round "9"]
[White "Valeron87"]
[Black "IngOscarArdila"]
[Result "1-0"]
[WhiteElo "2486"]
[BlackElo "2331"]
[TimeControl "180+1"]
[EndTime "15:40:47 PDT"]
[Termination "Valeron87 won by checkmate"]

1. e4 e5 2. Nf3 Nf6 3. Nc3 Nc6 4. g3 d6 5. Bg2 Be7 6. O-O O-O 7. h3 Be6 8. d4 exd4 9. Nxd4 Nxd4 10. Qxd4 Qd7 11.
Kh2 c5 12. Qd3 Rac8 13. f4 Qc7 14. Be3 a6 15. a4 Rfd8 16. Rae1 Bd7 17. Bd2 Bc6 18. Nd5 Bxd5 19. exd5 Rb8 20. c4 b5 21. cxb5 axb5 22. axb5 Bf8 23. Bc3 Nd7 24. Be4 g6 25. f5 Ne5 26. Bxe5 dxe5 27. fxg6 hxg6 28.
Rf6 Bg7 29. Rc6 Qa5 30. Rf1 c4 31. Qf3 Rf8 32. h4 Qd2+ 33. Rf2 Qh6 34. b6 Qc1 35. Rc7 Rxb6 36. Rxf7 Rf6 37. Rxf8+ Rxf8 38. Qe2 Rxf2+ 39. Qxf2 Bh6 40. Bxg6 Be3 41. Qf7+ Kh8 42. Qh7# 1-0

[Event "Late-Titled-Tuesday-Blitz-October-03-2023"]
[Site "Chess.com"]
[Date "2023.10.03"]
[Round "9"]
[White "Bala-Afiada"]
[Black "C_K_G"]
[Result "0-1"]
[WhiteElo "1923"]
[BlackElo "1917"]
[TimeControl "180+1"]
[EndTime "15:40:47 PDT"]
[Termination "C_K_G won on time"]

1. d4 d5 2. c4 e6 3. Nf3 Nf6 4. g3 b6 5. Bg2 Bb7 6. Ne5 Nbd7 7. Nc3 Bd6 8. Qa4 O-O 9. Nxd7 Nxd7 10. cxd5 exd5 11.
Bxd5 Bxd5 12. Nxd5 c5 13. O-O cxd4 14. Qxd4 Ne5 15. Nf4 Qe7 16. Rd1 Bc5 17. Qe4 Bxf2+ 18. Kg2 Bc5 19. Rd5 Rfe8 20. Nd3 Nxd3 21. Qxe7 Rxe7 22.
exd3 Re2+ 23. Kf3 Rf2+ 24. Kg4 Rf1 25. d4 Be7 26. b3 Rc8 27. Bb2 Rf2 28. Rb1 Rxh2 29.
Ba1 g6 30. Rd7 Bf6 31. Re1 Kg7 32.
Rxa7 Rf2 33. d5 Bxa1 34. Rxa1 Rcc2 35. Re1 h5+ 0-1

[Event "Late-Titled-Tuesday-Blitz-October-03-2023"]
[Site "Chess.com"]
[Date "2023.10.03"]
[Round "9"]
[White "The_Princess_Moon"]
[Black "AleksandrAleksikov"]
[Result "1-0"]
[WhiteElo "2286"]
[BlackElo "2198"]
[TimeControl "180+1"]
[EndTime "15:40:48 PDT"]
[Termination "The_Princess_Moon won on time"]

1. e4 c5 2. Nf3 d6 3. c3 Nf6 4. h3 Nc6 5. Bd3 d5 6. e5 Nd7 7. e6 fxe6 8. Ng5 Nf6 9. Nxh7 Nxh7 10.
Qh5+ Kd7 11. Bxh7 e5 12. Bf5+ e6 13. Bxe6+ Kxe6 14. Qxh8 Qf6 15. d3 Kd6 16. O-O Kc7 17. f4 e4 18. dxe4 dxe4 19. f5 Bd6 20. Qh5 Bd7 21.
Bg5 Qf8 22. Nd2 Re8 23. Nc4 Be7 24. Bf4+ Kc8 25. f6 gxf6 26. Rad1 f5 27. Qe2 Be6 28. Nd6+ Bxd6 29. Bxd6 Qg8 30. Bxc5 Bc4 31. Qf2 Bxf1 32. Qxf5+ Kb8 33. Rxf1 Ka8 34. b4 e3 35. Re1 e2 36. Bd4 Nxd4 37. cxd4 Qxa2 38. Kh2 Qd2 39. Qf2 Qxb4 40. Rxe2 Rd8 41. Re4 1-0